[Event "Early-Titled-Tuesday-Blitz-May-28-2024"]
[Site "Chess.com"]
[Date "2024.05.28"]
[Round "2"]
[White "Sl4werThanYou"]
[Black "ural58"]
[Result "1-0"]
[WhiteElo "2746"]
[BlackElo "2445"]
[TimeControl "180+1"]
[EndTime "8:18:02 PDT"]
[Termination "Sl4werThanYou won on time"]

1. e4 d5 2. exd5 Qxd5 3. d4 Nc6 4. Nf3 Bg4 5. Be2 O-O-O 6. Be3 e5 7. dxe5 Qxd1+ 8.
Bxd1 Nxe5 9. Nbd2 Bxf3 10. Nxf3 Nc4 11. Bc1 Re8+ 12. Kf1 Bc5 13. g3 Nd6 14. Kg2 Nf6 15. c3 Ng4 16. Rf1 Ne4 17. Nd4 Ngxf2 18. Rxf2 Nxf2 19. Kxf2 f5 20. Be3 Bb6 21. Bf3 g6 22. Rd1 c6 23. Nc2 Bxe3+ 24. Nxe3 Rd8 25. Rd4 Rxd4 26. cxd4 Rd8 27. d5 cxd5 28. Nxd5 Rd6 29. Ke3 Re6+ 30. Kd4 Kd7 31. Nf4 Rd6+ 32. Bd5 b6 33.
Ke5 Ke7 34. Ne6 Rd7 35. b4 a6 36. a4 Ra7 37. h4 Rd7 38. Ng5 h6 39. Ne6 Ra7 40.
Nf4 g5 41. hxg5 hxg5 42. Ng6+ Kd7 43. Kxf5 Rc7 44. Kxg5 Rc3 45. g4 Ra3 46. Ne5+ Ke7 47. a5 bxa5 48. bxa5 1-0

[Event "Early-Titled-Tuesday-Blitz-May-28-2024"]
[Site "Chess.com"]
[Date "2024.05.28"]
[Round "2"]
[White "crescentmoon2411"]
[Black "xasid81"]
[Result "1-0"]
[WhiteElo "2887"]
[BlackElo "2589"]
[TimeControl "180+1"]
[EndTime "8:18:04 PDT"]
[Termination "crescentmoon2411 won by resignation"]

1. d4 Nf6 2. c4 e6 3. Nf3 b6 4.
a3 Bb7 5. Nc3 g6 6. Bg5 h6 7. Bh4 Bg7 8. e3 O-O 9. Bd3 d6 10. Qc2 Nbd7 11. O-O-O Qe7 12. Kb1 e5 13. d5 Nc5 14. Be2 a5 15. g4 g5 16. Bg3 Nxg4 17. h4 f5 18. hxg5 hxg5 19. Rh5 e4 20. Nxg5 Nf6 21. Rh4 Nxd5 22. Nxd5 Bxd5 23. Nh7 Bc6 24.
Nxf8 Ba4 25. Qd2 Rxf8 26. Qd5+ Qe6 27. Qxe6+ Nxe6 28. Rg1 Kf7 29. Rh5 f4 30. Rf5+ Ke8 31. Bh5+ Kd7 32. Rxf8 Bxf8 33. Bxf4 Nxf4 34. exf4 Bh6 35.
f5 Ke7 36. f6+ Kf8 37. Rg6 Bd2 38. Rg7 Be1 39. Rxc7 1-0

[Event "Early-Titled-Tuesday-Blitz-May-28-2024"]
[Site "Chess.com"]
[Date "2024.05.28"]
[Round "2"]
[White "semchik90"]
[Black "BardArtem"]
[Result "0-1"]
[WhiteElo "2423"]
[BlackElo "2807"]
[TimeControl "180+1"]
[EndTime "8:18:04 PDT"]
[Termination "BardArtem won by checkmate"]

1. Nf3 d5 2. c4 c6 3. e3 Nf6 4.
Nc3 a6 5. cxd5 cxd5 6. Qb3 Nc6 7.
d4 Na5 8. Qc2 Nc6 9. Qb3 e6 10.
Bd3 Bd6 11. O-O O-O 12. e4 dxe4 13. Nxe4 Be7 14. Rd1 b5 15. Be3 Bb7 16. Nc5 Bxc5 17. dxc5 Qc7 18. a3 Rfd8 19. Rac1 h6 20. Bb1 Na5 21. Qc2 Bxf3 22. gxf3 Nc4 23. Bd4 Qf4 24. Bxf6 Qxf6 25. Qh7+ Kf8 26. Be4 Rac8 27. c6 Ke7 28.
Rxd8 Qg5+ 29. Kf1 Qxc1+ 30. Kg2 Qg5+ 31. Kf1 Rxd8 32. f4 Qg4 33. Bd3 Qd1+ 34. Kg2 Rxd3 35. h3 Qf3+ 36. Kf1 Rd1# 0-1

[Event "Early-Titled-Tuesday-Blitz-May-28-2024"]
[Site "Chess.com"]
[Date "2024.05.28"]
[Round "2"]
[White "Glidzhian_Gor"]
[Black "ploxoi"]
[Result "0-1"]
[WhiteElo "2555"]
[BlackElo "2377"]
[TimeControl "180+1"]
[EndTime "8:18:04 PDT"]
[Termination "ploxoi won by resignation"]

1. e4 c5 2. d4 cxd4 3. c3 dxc3 4. Nxc3 Nc6 5. Bc4 e6 6. Nf3 d6 7. O-O Nf6 8. Qe2 Be7 9. Rd1 e5 10. h3 O-O 11. Bg5 Be6 12. Rac1 Rc8 13. Nb5 a6 14. Bxf6 Bxc4 15. Qxc4 axb5 16. Bxe7 bxc4 17. Bxd8 Rfxd8 18. Rxc4 Kf8 19. Rd5 Ke7 20. Rb5 Rd7 21. b3 h6 22.
Rb6 Ra8 23. a4 Kd8 24. Ne1 Kc7 25. Rb5 Ra6 26. Nc2 Kb8 27. g3 g6 28. f4 Re7 29.
Kf2 Na5 30. Rc3 exf4 31. gxf4 Rxe4 32. Kf3 Re7 33. Nd4 Rc7 34. Re3 Nc6 35. Re8+ Ka7 36. Ne2 Re7 37. Nc3 Rxe8 38. Rd5 Ne7 39. Nb5+ Kb8 40.
Rd3 Nf5 41. Rd5 Re3+ 42. Kf2 Rxb3 43. Rxf5 gxf5 44. Nxd6 Rxd6 0-1

[Event "Early-Titled-Tuesday-Blitz-May-28-2024"]
[Site "Chess.com"]
[Date "2024.05.28"]
[Round "2"]
[White "microbear"]
[Black "WindWhistler11"]
[Result "0-1"]
[WhiteElo "2307"]
[BlackElo "2531"]
[TimeControl "180+1"]
[EndTime "8:18:04 PDT"]
[Termination "WindWhistler11 won by resignation"]

1. e4 e6 2. d4 d5 3. exd5 exd5 4. Bd3 Nc6 5. c3 Bd6 6. Qf3 Nge7 7. Bf4 Be6 8. Ne2 Qd7 9. h3 O-O-O 10. Nd2 Rhe8 11. O-O-O Kb8 12. Rhe1 Nc8 13. Nf1 Bf8 14. Nfg3 g6 15.
Kb1 Nb6 16. Nc1 Ka8 17. Nb3 Nc4 18. Bxc4 dxc4 19. Nc5 Bxc5 20. dxc5 Qe7 21. Ne4 Rxd1+ 22.
Qxd1 Bf5 23. f3 Qxc5 24. Ka1 Qb6 25. Be3 Qb5 26. Nc5 a5 27. g4 Rd8 28. Qc1 Bd3 29. a4 Qb6 30. Nxd3 cxd3 31. Bxb6 d2 32. Qxd2 Rxd2 33.
Re8+ Rd8 34. Rxd8+ Nxd8 35. Bxc7 Ne6 36. Ka2 Nxc7 0-1

[Event "Early-Titled-Tuesday-Blitz-May-28-2024"]
[Site "Chess.com"]
[Date "2024.05.28"]
[Round "2"]
[White "db-banana"]
[Black "GoltsevDmitry2000"]
[Result "0-1"]
[WhiteElo "2483"]
[BlackElo "2755"]
[TimeControl "180+1"]
[EndTime "8:18:05 PDT"]
[Termination "GoltsevDmitry2000 won by resignation"]

1. e4 e6 2. d4 d5 3. Nd2 c5 4.
exd5 exd5 5. Ngf3 Nf6 6. Bb5+ Nc6 7. O-O Be7 8. dxc5 Bxc5 9. Re1+ Be6 10. Nb3 Bb6 11.
Nbd4 O-O 12. c3 Qd6 13. h3 Bd7 14. Nxc6 bxc6 15. Bd3 Bxh3 16. Ne5 Bd7 17. Bg5 Rfe8 18. Bf4 Ng4 19. Nxg4 Qxf4 20. Ne3 Re5 21. g3 Rg5 22. Qe2 Re8 23. Kh2 Re6 24. gxf4 0-1

[Event "Early-Titled-Tuesday-Blitz-May-28-2024"]
[Site "Chess.com"]
[Date "2024.05.28"]
[Round "2"]
[White "Klendi"]
[Black "Lennis93"]
[Result "0-1"]
[WhiteElo "2408"]
[BlackElo "2759"]
[TimeControl "180+1"]
[EndTime "8:18:05 PDT"]
[Termination "Lennis93 won on time"]

1. e4 c5 2. c3 e6 3. d4 d5 4. e5 Nc6 5. Nf3 Qb6 6. a3 f6 7.
Bd3 fxe5 8. Nxe5 Nf6 9. O-O cxd4 10. cxd4 Bd6 11. Nxc6 bxc6 12. Nc3 O-O 13. Na4 Qc7 14. h3 e5 15. dxe5 Bxe5 16. Qc2 Rb8 17. Rb1 Ne4 18. Be3 Bf5 19. Nc5 Qe7 20. Nxe4 dxe4 21.
Be2 Qh4 22. Qxc6 Rbe8 23. Rfd1 Bxh3 24. Bc4+ Kh8 25. Rd7 Bh2+ 26. Kf1 Bxd7 0-1

[Event "Early-Titled-Tuesday-Blitz-May-28-2024"]
[Site "Chess.com"]
[Date "2024.05.28"]
[Round "2"]
[White "Skatchkov_V"]
[Black "HansOnTwitch"]
[Result "0-1"]
[WhiteElo "2647"]
[BlackElo "3139"]
[TimeControl "180+1"]
[EndTime "8:18:06 PDT"]
[Termination "HansOnTwitch won on time"]

1. d4 c6 2. c4 Nf6 3. Nc3 d5 4. Nf3 e6 5. g3 Nbd7 6. Bg2 Bb4 7.
O-O O-O 8. Qd3 b6 9. a3 Bxc3 10. Qxc3 a5 11. a4 Ba6 12. b3 Rc8 13. Ba3 Re8 14. Ne5 c5 15. Rfd1 cxd4 16. Qxd4 Nc5 17. Qe3 Qc7 18. Rac1 Nxb3 19. Qxb3 Qxe5 20. Bb2 Qh5 21.
Bxf6 Bxc4 22. Qc3 gxf6 23. Qxf6 Bxe2 24. Rxc8 Rxc8 25. Re1 Bd3 26. Qd4 Bg6 27. Qxb6 Qf5 28. Qxa5 Qc2 29. Ra1 Qb2 30. Qe1 Rc2 31. a5 Rxf2 32.
Bf1 Rd2 0-1

[Event "Early-Titled-Tuesday-Blitz-May-28-2024"]
[Site "Chess.com"]
[Date "2024.05.28"]
[Round "2"]
[White "dropstoneDP"]
[Black "Iskusnyh"]
[Result "1-0"]
[WhiteElo "2981"]
[BlackElo "2615"]
[TimeControl "180+1"]
[EndTime "8:18:07 PDT"]
[Termination "dropstoneDP won by resignation"]

1. e4 e6 2. d4 d5 3. Nc3 Nf6 4. Bg5 dxe4 5. Nxe4 Nbd7 6. Nf3 h6 7. Bxf6 Nxf6 8. Bd3 Nxe4 9. Bxe4 c5 10. Qe2 Qa5+ 11. c3 Be7 12. O-O O-O 13. Ne5 cxd4 14. cxd4 Bf6 15. Rfd1 Rd8 16. Qh5 Qc7 17. Rac1 Qe7 18. g3 a5 19. a4 Ra6 20. Rd3 Rb6 21. Rdc3 Bxe5 22. Qxe5 Bd7 23. b3 Bc6 24. Bxc6 bxc6 25. Qxa5 Qb4 26. Qxb4 Rxb4 27. Rd3 Rdb8 28. Rcc3 Kf8 29.
Kf1 Ke7 30. Ke2 Kd6 31. Kd2 g5 32. Kc2 g4 33. Rc5 Rg8 34. Rdc3 Rc8 35. R3c4 Rb6 36. b4 Rcb8 37. Kc3 Ra6 38. a5 Rg8 39. Rh5 Rg6 40. Kb3 f5 41. Rc5 Rf6 42. Ka4 f4 43. gxf4 Rxf4 44. Rxh6 Rxf2 45. Re5 Ra2+ 46. Kb3 Rd2 47. Rhxe6+ Kd7 48. Re7+ Kd6 1-0

[Event "Early-Titled-Tuesday-Blitz-May-28-2024"]
[Site "Chess.com"]
[Date "2024.05.28"]
[Round "2"]
[White "TomLiu777"]
[Black "Root_21"]
[Result "1-0"]
[WhiteElo "2372"]
[BlackElo "2674"]
[TimeControl "180+1"]
[EndTime "8:18:07 PDT"]
[Termination "TomLiu777 won by resignation"]

1. c4 c5 2. Nc3 Nc6 3. g3 Nf6 4. Bg2 e6 5. Nf3 d5 6. cxd5 exd5 7. d4 cxd4 8. Nxd4 Bc5 9. Nxc6 bxc6 10. O-O O-O 11. Na4 Bb6 12. b3 Ba6 13. Nxb6 axb6 14. Bb2 Re8 15. Re1 Ra7 16. Rc1 Rc7 17. Qd2 Ne4 18.
Qd4 f6 19. Qxb6 Qc8 20. a4 Nd6 21. Bxd5+ Kh8 22. Rxc6 Rxc6 23. Qxc6 Qxc6 24. Bxc6 Rc8 25. Bf3 Rc2 26. Ba3 Nf7 27. Rc1 Ra2 28. Rc7 Ne5 29. Kg2 Rxa3 30. Ra7 h5 31. Rxa6 Rxb3 32. Be4 Rb8 33.
Ra8 Rxa8 34. Bxa8 Kg8 35. a5 Kf7 36. a6 Ke7 37. a7 Nd7 1-0

[Event "Early-Titled-Tuesday-Blitz-May-28-2024"]
[Site "Chess.com"]
[Date "2024.05.28"]
[Round "2"]
[White "laskakid"]
[Black "betta2004"]
[Result "0-1"]
[WhiteElo "2367"]
[BlackElo "2595"]
[TimeControl "180+1"]
[EndTime "8:18:11 PDT"]
[Termination "betta2004 won on time"]

1. Nf3 b6 2. e4 Bb7 3. d3 g6 4. g3 Bg7 5. Bg2 e6 6. O-O Ne7 7. Re1 d5 8. Nbd2 O-O 9. c3 c5 10. e5 Nbc6 11. h4 Qc7 12. Qe2 Rae8 13. Nf1 h5 14.
Bf4 Nf5 15. Ne3 Qd7 16. Nxf5 exf5 17. d4 cxd4 18. cxd4 Nd8 19. Qd2 Ne6 20. Bh6 Rc8 21. Bxg7 Kxg7 22. Rac1 Rxc1 23. Rxc1 Rc8 24. Rc3 Rxc3 25.
Qxc3 Qc7 26. Qxc7 Nxc7 27. Kf1 f6 28. exf6+ Kxf6 29. Ke2 Nb5 30. Ke3 Nd6 31. Ne5 g5 32. hxg5+ Kxg5 33. b3 a5 34. Nd3 a4 35. Nf4 h4 36. Bxd5 Bxd5 37. Nxd5 h3 38. Kf3 Nb5 39. Nf4 Nxd4+ 40. Ke3 h2 41. Nh3+ Kg4 42. Kxd4 h1=Q 0-1

[Event "Early-Titled-Tuesday-Blitz-May-28-2024"]
[Site "Chess.com"]
[Date "2024.05.28"]
[Round "2"]
[White "JAN2404"]
[Black "LileKoridze"]
[Result "0-1"]
[WhiteElo "1953"]
[BlackElo "2439"]
[TimeControl "180+1"]
[EndTime "8:18:11 PDT"]
[Termination "LileKoridze won by resignation"]

1. e4 c5 2. d4 cxd4 3. c3 dxc3 4. Nxc3 Nc6 5. Nf3 d6 6. Bc4 e6 7. O-O a6 8. Qe2 Nf6 9. Rd1 Qc7 10. Bb3 Be7 11.
h3 O-O 12. Be3 b5 13. Rac1 Qb7 14. Bd4 Nxd4 15. Rxd4 Bd7 16. e5 dxe5 17. Nxe5 Rfd8 18. Nxd7 Rxd7 19. Rxd7 Qxd7 20. Rd1 Qc7 21. Bc2 Rc8 22. Rd2 g6 23. g3 b4 24. Ne4 Nxe4 25. Bxe4 Bf6 26.
Rc2 Qd8 27. Qxa6 Rxc2 28. Bxc2 Bxb2 29. Qc4 Bc3 30. a3 Qd2 31. Ba4 bxa3 32. Bb3 Bd4 33.
Qc8+ Kg7 34. Qb7 Qxf2+ 0-1

[Event "Early-Titled-Tuesday-Blitz-May-28-2024"]
[Site "Chess.com"]
[Date "2024.05.28"]
[Round "2"]
[White "vishwa_vijeta"]
[Black "Vaathi_Coming"]
[Result "0-1"]
[WhiteElo "2597"]
[BlackElo "2901"]
[TimeControl "180+1"]
[EndTime "8:18:12 PDT"]
[Termination "Vaathi_Coming won by resignation"]

1. e4 Nf6 2. e5 Nd5 3. d4 d6 4. Nf3 dxe5 5. Nxe5 Nd7 6. Nxd7 Bxd7 7. c3 e6 8. Bd3 c5 9. dxc5 Bxc5 10. Nd2 Nf4 11. Be4 Bc6 12. O-O Qc7 13. Qf3 Ng6 14. Bxc6+ bxc6 15. Ne4 Be7 16. Rd1 O-O 17. Be3 Rad8 18. Rxd8 Rxd8 19. Rd1 Rd5 20. b3 Qd7 21. Rxd5 cxd5 22.
Nd2 Bf6 23. c4 d4 24. Qa8+ Bd8 25. Bg5 f6 26. Bxf6 gxf6 27. c5 Ne5 28. Ne4 Kg7 29.
Nd6 d3 30. Kf1 Be7 31. f4 Nc6 32. Ne8+ Kf7 0-1

[Event "Early-Titled-Tuesday-Blitz-May-28-2024"]
[Site "Chess.com"]
[Date "2024.05.28"]
[Round "2"]
[White "Masterbeaterr"]
[Black "SaraBlackPanther"]
[Result "0-1"]
[WhiteElo "2451"]
[BlackElo "2747"]
[TimeControl "180+1"]
[EndTime "8:18:12 PDT"]
[Termination "SaraBlackPanther won by resignation"]

1. d4 Nf6 2. c4 g6 3. Nc3 Bg7 4.
e4 O-O 5. Nf3 d6 6. Be2 e5 7.
O-O h6 8. h3 Nc6 9. d5 Ne7 10.
Ne1 Nd7 11. Nd3 f5 12. f3 f4 13. b4 g5 14. c5 h5 15. Bd2 Ng6 16. a4 Nf6 17.
Nf2 Rf7 18. a5 Bf8 19. c6 Rg7 20. cxb7 Bxb7 21. Rc1 Nh4 22. Nb5 a6 23. Na3 Bc8 24.
Rc3 g4 25. fxg4 hxg4 26. Nxg4 Nxe4 27. Rc4 Ng3 28. Rf2 Qg5 29. Bxf4 exf4 30. Rcxf4 Be7 31. Bd3 Bd7 32. Nf6+ Bxf6 33. Rxf6 Ngf5 34. Bxf5 Bxf5 35. R6xf5 Nxf5 36. Qe2 Rf8 37. Nc4 Rgf7 38. Qe6 Ng7 0-1

[Event "Early-Titled-Tuesday-Blitz-May-28-2024"]
[Site "Chess.com"]
[Date "2024.05.28"]
[Round "2"]
[White "Aswathchess"]
[Black "Naruto75_3"]
[Result "1-0"]
[WhiteElo "2719"]
[BlackElo "2400"]
[TimeControl "180+1"]
[EndTime "8:18:13 PDT"]
[Termination "Aswathchess won by checkmate"]

1. e4 c5 2. Nc3 d6 3. d4 cxd4 4.
Qxd4 Nc6 5. Qd2 g6 6. b3 Bg7 7. Bb2 Nf6 8. O-O-O O-O 9. f3 Qa5 10. Kb1 Be6 11. h4 Rac8 12. Nge2 b5 13. h5 b4 14. Nd5 Bxd5 15. exd5 Ne5 16. hxg6 hxg6 17. Nf4 Rc5 18. Be2 Rfc8 19. Rc1 Nxd5 20. Nxd5 Rxd5 21. Qf4 Qb6 22. Qh4 Qe3 23. Ba6 Rc6 24. Bb7 Rdc5 25. Bxc6 Rxc6 26. f4 f5 27. Qxe7 Qxf4 28. Qe8+ Bf8 29. Rh8+ Kxh8 30.
Qxf8+ Kh7 31. Rh1+ Qh6 32. Rxh6# 1-0

[Event "Early-Titled-Tuesday-Blitz-May-28-2024"]
[Site "Chess.com"]
[Date "2024.05.28"]
[Round "2"]
[White "chessamical"]
[Black "juancruzarias"]
[Result "0-1"]
[WhiteElo "2291"]
[BlackElo "2668"]
[TimeControl "180+1"]
[EndTime "8:18:16 PDT"]
[Termination "juancruzarias won on time"]

1. Nf3 d5 2. c4 e6 3. e3 Nf6 4. b3 b6 5. Bb2 Bb7 6. Be2 Nbd7 7. Qc2 c5 8. cxd5 exd5 9. d4 Rc8 10. dxc5 Bxc5 11. Qf5 Bb4+ 12. Nbd2 Ne4 13. a3 Bc3 14. Bxc3 Nxc3 15. Bd3 g6 16. Qf4 O-O 17. O-O Qe7 18. Rfc1 Nf6 19. Qb4 Qxb4 20. axb4 a6 21. Kf1 b5 22. Nd4 Rc7 23. Rc2 Rfc8 24. Rac1 Ne8 25. Ne2 Nxe2 26. Rxc7 Rxc7 27. Rxc7 Nxc7 28.
Kxe2 Kf8 29. f3 Ke7 30. Nb1 Kd6 31. Bc2 Ne6 32. Kd2 d4 33. e4 Nd8 34. Bd3 Nc6 35. Na3 Nxb4 36. Nc2 Nxc2 37. Kxc2 Kc5 38. Kb2 a5 39. Kc2 Bc6 40. Kb2 Kb4 41. Be2 a4 42. bxa4 bxa4 43. Bd3 Bb5 44. Bb1 a3+ 45. Kc2 Bc4 0-1

[Event "Early-Titled-Tuesday-Blitz-May-28-2024"]
[Site "Chess.com"]
[Date "2024.05.28"]
[Round "2"]
[White "korbul"]
[Black "lachesisQ"]
[Result "1/2-1/2"]
[WhiteElo "2651"]
[BlackElo "3093"]
[TimeControl "180+1"]
[EndTime "8:18:18 PDT"]
[Termination "Game drawn - insufficient material"]

1. d4 Nf6 2. Nf3 d5 3. c4 e6 4. Nc3 Be7 5. Bg5 O-O 6. e3 Nbd7 7. a3 b6 8. cxd5 exd5 9. Bd3 Bb7 10. Qc2 h6 11.
Bf4 c5 12. O-O Rc8 13. Bf5 Rc6 14. Rad1 g6 15. Bxd7 Nxd7 16. Bxh6 Re8 17. Bf4 Nf6 18. Qb3 c4 19. Qc2 Bf8 20. Ne5 Rce6 21. Bg5 Qc8 22. Bxf6 Rxf6 23. f4 Bg7 24. e4 Rd6 25. exd5 Bxd5 26.
Nxd5 Rxd5 27. Qxc4 Qxc4 28. Nxc4 Rxd4 29. Ne5 Rxd1 30.
Rxd1 Bxe5 31. fxe5 Rxe5 32. Kf2 Rb5 33. b4 a5 34. Rd4 Kg7 35. h4 f5 36. Kf3 Re5 37. g4 fxg4+ 38. Kxg4 Kh6 39. bxa5 bxa5 40. Ra4 Rc5 41.
Rd4 Kg7 42. a4 Kh6 43. Re4 Rc3 44. Rf4 Rb3 45. Re4 Rb4 46. Rxb4 axb4 47. a5 b3 48. a6 b2 49. a7 b1=Q 50. a8=Q Qf5+ 51. Kg3 Qe5+ 52.
Kh3 Qe3+ 53. Kg4 Qg1+ 54. Kh3 Qf1+ 55. Kg3 Qe1+ 56. Kh3 Qe6+ 57. Kg3 Qe5+ 58. Kh3 Qc3+ 59. Kg4 Qf6 60. Qd5 Qf5+ 61. Qxf5 gxf5+ 62. Kxf5 Kh5 63. Kf4 Kxh4 1/2-1/2

[Event "Early-Titled-Tuesday-Blitz-May-28-2024"]
[Site "Chess.com"]
[Date "2024.05.28"]
[Round "2"]
[White "Squirlolz"]
[Black "SimplyDevina"]
[Result "1-0"]
[WhiteElo "2530"]
[BlackElo "2306"]
[TimeControl "180+1"]
[EndTime "8:18:19 PDT"]
[Termination "Squirlolz won on time"]

1. Nf3 d5 2. g3 Nf6 3. Bg2 g6 4.
O-O Bg7 5. c4 c6 6. d3 O-O 7.
Nc3 Nbd7 8. Qc2 e5 9. e4 d4 10. Ne2 Ne8 11. b4 c5 12. Nd2 Rb8 13. f4 f5 14. bxc5 Nxc5 15. Ba3 b6 16. fxe5 Bxe5 17. Nf3 Qd6 18. exf5 Bxf5 19. Nxe5 Qxe5 20. Nf4 Nf6 21. Rae1 Qd6 22. Nd5 Nxd5 23. Bxd5+ Kg7 24. Bb2 Ne6 25. Rxf5 Rxf5 26. Rxe6 Qc5 27. Qe2 Rbf8 28. Re7+ Kh8 29. Re4 Qb4 30. Bxd4+ R8f6 31. Re8+ Kg7 32. Qe7+ Kh6 33.
Qxb4 1-0

[Event "Early-Titled-Tuesday-Blitz-May-28-2024"]
[Site "Chess.com"]
[Date "2024.05.28"]
[Round "2"]
[White "Chesstrainer1"]
[Black "gpsji27"]
[Result "0-1"]
[WhiteElo "2502"]
[BlackElo "2313"]
[TimeControl "180+1"]
[EndTime "8:18:19 PDT"]
[Termination "gpsji27 won on time"]

1. e4 e5 2. Nf3 Nc6 3. d4 exd4 4. Nxd4 Bc5 5. Nb3 Bb6 6. Nc3 Nf6 7. Qe2 O-O 8. Bg5 h6 9. Bh4 d6 10. O-O-O Be6 11. f3 a5 12. Nd2 Nd4 13. Qd3 a4 14. Nc4 Bc5 15. a3 b5 16. Ne3 c6 17. Nf5 Bc4 18. Qd2 Nxf5 19. exf5 b4 20. Bxc4 bxc3 21. Qxc3 d5 22. Bxf6 Qxf6 23. Qxf6 gxf6 24. Bd3 Rab8 25. c3 Rb3 26. Bc2 Rb6 27. Bxa4 Rfb8 28. b4 Ra6 29. Bb3 Rxa3 30. Kb2 Ra7 31. Ra1 Rab7 0-1

[Event "Early-Titled-Tuesday-Blitz-May-28-2024"]
[Site "Chess.com"]
[Date "2024.05.28"]
[Round "2"]
[White "luca_va99"]
[Black "banane_verte"]
[Result "0-1"]
[WhiteElo "2250"]
[BlackElo "2505"]
[TimeControl "180+1"]
[EndTime "8:18:19 PDT"]
[Termination "banane_verte won by resignation"]

1. e4 e6 2. Nf3 d5 3. e5 c5 4. b4 cxb4 5. a3 bxa3 6. d4 Nc6 7. c3 Bd7 8. Bxa3 Bxa3 9. Nxa3 a6 10. Bd3 Nge7 11. O-O h6 12. Rb1 Na5 13. Nd2 Rc8 14. c4 dxc4 15. Naxc4 Nxc4 16. Nxc4 O-O 17. Rxb7 Bb5 18.
Nd6 Bxd3 19. Qxd3 Rc6 20. Ra7 Nd5 21. h3 Qb6 22. Rd7 a5 23. Qf3 Rc7 24. Rxc7 Qxc7 25.
Qa3 Ra8 26. Rc1 Qb6 27. Qc5 Qxc5 28. dxc5 a4 29. c6 a3 30. Ra1 a2 31. Nb5 Rb8 32.
c7 Nxc7 33. Nc3 Nd5 34. Nxa2 Ra8 35. Kf1 Nb4 36. Nxb4 Rxa1+ 37. Ke2 Ra5 38. Nd3 Kf8 39. Ke3 Ke7 40. f3 Kd7 41. g4 Kc6 42. Ke4 Ra4+ 43. Ke3 Kd5 44. f4 Ra3 45. Ke2 Kd4 46. Nf2 Ra2+ 47.
Kf1 Ke3 48. Kg2 Rxf2+ 49. Kg3 Rxf4 50. g5 hxg5 51. h4 Rxh4 52. Kg2 Ke4 53. Kg3 Kxe5 54. Kg2 Kf5 55. Kg3 e5 56. Kg2 Rf4 57. Kg3 e4 58. Kg2 e3 59. Kg3 e2 60. Kg2 e1=Q 61.
Kh3 Qe3+ 62. Kg2 Rf2+ 0-1

[Event "Early-Titled-Tuesday-Blitz-May-28-2024"]
[Site "Chess.com"]
[Date "2024.05.28"]
[Round "2"]
[White "Witik"]
[Black "chrisclaireredfield"]
[Result "1-0"]
[WhiteElo "2783"]
[BlackElo "2553"]
[TimeControl "180+1"]
[EndTime "8:18:21 PDT"]
[Termination "Witik won by resignation"]

1. d4 d5 2. Nf3 Nf6 3. Bf4 e6 4. Nbd2 c5 5. e3 Nc6 6. c3 Bd6 7. Bg3 O-O 8. Bd3 b6 9. Qe2 Bb7 10. Rd1 Re8 11. Ne5 Ne7 12. f4 Nf5 13. Bf2 Bf8 14.
O-O Nd6 15. Bh4 Be7 16. dxc5 bxc5 17. c4 Qb6 18. b3 Rad8 19. Ndf3 Nfe4 20. Bxe7 Rxe7 21.
Qe1 f6 22. Ng4 Red7 23. cxd5 exd5 24. Qh4 c4 25. Bxe4 Nxe4 26. Nd4 c3 27. Rf3 Ba6 28.
Rh3 g6 29. f5 g5 30. Qh6 Rc8 31. Rc1 Bd3 32. Ne6 Rf7 33. Qh5 c2 34. Nh6+ 1-0

[Event "Early-Titled-Tuesday-Blitz-May-28-2024"]
[Site "Chess.com"]
[Date "2024.05.28"]
[Round "2"]
[White "ImportedItalianMaple"]
[Black "Abund"]
[Result "0-1"]
[WhiteElo "2557"]
[BlackElo "2792"]
[TimeControl "180+1"]
[EndTime "8:18:23 PDT"]
[Termination "Abund won on time"]

1. e4 c6 2. d4 d5 3. e5 c5 4. dxc5 e6 5. a3 Bxc5 6. Qg4 Ne7 7. Nf3 Qb6 8. Bd3 Bxf2+ 9. Ke2 Nbc6 10. Rf1 Bc5 11.
Qxg7 Rg8 12. Qxh7 Bd7 13. g3 O-O-O 14. c3 Qc7 15. b4 Bb6 16. Bf4 Ng6 17. Qxf7 Rdf8 18.
Qh7 Nxf4+ 19. gxf4 Rg2+ 20. Kd1 Rxf4 21. Nbd2 a6 22.
h4 Kb8 23. h5 Ka7 24. h6 Nxe5 25. Nxe5 Qxc3 26. Ra2 Ba4+ 27. Ke1 Qxe5+ 0-1

[Event "Early-Titled-Tuesday-Blitz-May-28-2024"]
[Site "Chess.com"]
[Date "2024.05.28"]
[Round "2"]
[White "NiranjanNavalgund"]
[Black "fastestmindalive"]
[Result "1-0"]
[WhiteElo "2443"]
[BlackElo "2716"]
[TimeControl "180+1"]
[EndTime "8:18:23 PDT"]
[Termination "NiranjanNavalgund won on time"]

1. d4 Nf6 2. c4 g6 3. Nc3 d6 4. e4 Bg7 5. Bd3 Nc6 6. Nge2 Nd7 7.
Be3 e5 8. d5 Nd4 9. Rb1 c5 10.
dxc6 bxc6 11. b4 O-O 12. O-O f5 13. f4 Qh4 14. exf5 gxf5 15. Ng3 e4 16. Bc2 Nxc2 17.
Qxc2 Nf6 18. Kh1 Ng4 19. Bg1 a6 20. Rbd1 Rf6 21. Nce2 Ra7 22. h3 Raf7 23. a4 Bd7 24.
Qb3 Be6 25. Nd4 Bxc4 26. Qxc4 Qxg3 27. Ne2 Qh4 28. Qxc6 Rg6 29. Rxd6 Bf6 30. Qc8+ Kg7 31. Rd7 Be7 32. Qc3+ Kh6 33. Rd5 e3 34. Bxe3 Re6 35.
Rf3 Bf6 36. Qd2 Rfe7 37. Rd3 1-0

[Event "Early-Titled-Tuesday-Blitz-May-28-2024"]
[Site "Chess.com"]
[Date "2024.05.28"]
[Round "2"]
[White "Chessbard1972"]
[Black "monomita"]
[Result "0-1"]
[WhiteElo "2413"]
[BlackElo "2728"]
[TimeControl "180+1"]
[EndTime "8:18:23 PDT"]
[Termination "monomita won by resignation"]

1. e4 e6 2. d4 d5 3. e5 c5 4.
dxc5 Nc6 5. Nf3 Bxc5 6. Bd3 Nge7 7. Bf4 Ng6 8. Bg3 Qb6 9. O-O Qxb2 10. Nbd2 Qb6 11. c4 O-O 12. Rb1 Qd8 13. h4 dxc4 14.
Bxc4 Nge7 15. Qe2 Nf5 16. Bf4 Ncd4 17. Nxd4 Qxd4 18. Qg4 h5 19. Qf3 Nxh4 20. Qg3 Nf5 21. Qf3 h4 22. Rbc1 Be7 23. Rfd1 Qb6 24. Ne4 Rd8 25.
Qg4 Bd7 26. Nf6+ Bxf6 27. exf6 Ba4 28. Rxd8+ Rxd8 29. fxg7 Qb2 30. Qg5 Rc8 31. Qh5 Qxg7 32. Bd3 Rxc1+ 33. Bxc1 Bc6 34. f3 Qd4+ 35. Kh2 Qd6+ 36.
Kg1 Qxd3 37. Qg5+ Kf8 38. Qd8+ Qxd8 0-1

[Event "Early-Titled-Tuesday-Blitz-May-28-2024"]
[Site "Chess.com"]
[Date "2024.05.28"]
[Round "2"]
[White "AsaHoffmann"]
[Black "tusplingher"]
[Result "0-1"]
[WhiteElo "2376"]
[BlackElo "2611"]
[TimeControl "180+1"]
[EndTime "8:18:23 PDT"]
[Termination "tusplingher won by resignation"]

1. d4 Nf6 2. Bg5 c6 3. Nc3 d5 4. e3 Bf5 5. Bd3 Bxd3 6. Qxd3 e6 7. Nf3 Nbd7 8. Ne5 Be7 9. f4 Nxe5 10. fxe5 Nd7 11. Bf4 Bh4+ 12. g3 g5 13. gxh4 gxf4 14.
exf4 Qxh4+ 15. Qg3 Qe7 16. O-O-O O-O-O 17. Rhg1 Nf8 18. Qg5 Qxg5 19. Rxg5 Ng6 20. f5 h6 21. Rg2 Nh4 22.
Rf2 Nxf5 23. Rdf1 Rhg8 24. Ne2 Rg4 25. c3 Rdg8 26. Nf4 R4g5 27. h4 Nxh4 28. Nh3 Rf5 29. Rxf5 Nxf5 30. Nf4 Rg5 31. Rh1 Kd7 32. Kd2 Ke7 33.
b3 Rg4 34. Nh5 Rg2+ 35. Kc1 Ng3 36. Nxg3 Rxg3 37. Rxh6 Rxc3+ 38. Kd2 Rg3 39. Rh8 Rg2+ 40. Kc3 Rxa2 41. Rb8 b6 42. Rb7+ Kf8 43. Rc7 Ra1 44. Kb2 Rd1 45. Rxc6 Rxd4 46. Rc7 Re4 47. Rxa7 Rxe5 48.
Rb7 d4 49. Rxb6 Rd5 50. Kc2 d3+ 51. Kd2 Ke7 52. b4 f5 53. b5 Kf6 54. Rb8 Ke5 55.
b6 Ke4 56. b7 Rb5 57. Re8 Rb2+ 58. Kc3 Rxb7 59. Rxe6+ Kf3 60. Kxd3 Rd7+ 61. Kc2 f4 62. Rf6 Kg3 63. Rg6+ Kf2 64. Rf6 f3 65. Rf5 Kg2 66. Rf7 Rxf7 0-1

[Event "Early-Titled-Tuesday-Blitz-May-28-2024"]
[Site "Chess.com"]
[Date "2024.05.28"]
[Round "2"]
[White "Arteler"]
[Black "Josetricks"]
[Result "1-0"]
[WhiteElo "2222"]
[BlackElo "2470"]
[TimeControl "180+1"]
[EndTime "8:18:23 PDT"]
[Termination "Arteler won by resignation"]

1. e4 g6 2. Nf3 Bg7 3. d4 c6 4.
c4 d5 5. exd5 cxd5 6. cxd5 Nf6 7.
Nc3 Nxd5 8. Be2 O-O 9. O-O Nc6 10. Be3 Bf5 11. a3 Rc8 12. Rc1 Nxc3 13. bxc3 Qa5 14. Qb3 Be4 15. Rfd1 Rfd8 16. Ng5 Bd5 17. c4 Nxd4 18.
Bxd4 Bxg2 19. Bxg7 Qxg5 20. Qg3 Qxg3 21. hxg3 Be4 22.
Be5 f6 23. Bf4 e5 24. Be3 b6 25. f3 Bf5 26. Kf2 Kf7 27. Rxd8 Rxd8 28. Rd1 Rc8 29. f4 Be6 30. Rc1 e4 31. c5 bxc5 32. Rxc5 Rb8 33. Rc7+ Kg8 34. Rxa7 Rb2 35. Bd4 Bc4 36. Bxb2 1-0